 Dungeon Crawl Stone Soup version 0.17-a0-427-ga655056 (webtiles) character file.

377811 Raurakos the Executioner (level 21, -3/205 HPs)
             Began as a Deep Dwarf Gladiator on Apr 2, 2015.
             Was the Champion of Makhleb.
             Killed from afar by a deep elf sorcerer (43 damage)
             ... with a blast of hellfire
             ... on level 3 of the Elven Halls on Apr 3, 2015.
             The game lasted 05:34:18 (49098 turns).

Raurakos the Executioner (Deep Dwarf Gladiator)    Turns: 49098, Time: 05:34:18

Health: -3/205     AC: 26    Str: 23      XL:     21   Next: 83%
Magic:  25/25      EV: 21    Int:  9 (10) God:    Makhleb [******]
Gold:   5202       SH:  0    Dex: 19 (20) Spells: 0 memorised, 20 levels left

rFire  . . .     SeeInvis .     a - +6 executioner's axe (elec)
rCold  . . .     Clarity  +     L - +5 pearl dragon armour
rNeg   + + .     SustAb   .     (no shield)
rPois  +         Gourm    .     j - +0 hat {MR+}
rElec  +         Spirit   .     Y - +0 cloak {rPois}
rCorr  .         Warding  .     T - +0 pair of gloves {archery}
rMut   .         Stasis   .     y - +0 pair of boots
MR     +++++                    C - amulet of clarity
Stlth  +.........               e - ring of the Evening {rElec Str+2 Stlth+}
                                E - ring of protection from magic

@: lethally poisoned (-3 -> -3), non-regenerating, almost entirely resistant to
hostile enchantments, very unstealthy
A: damage resistance, recharge devices, negative energy resistance 1, sense
surroundings 3, slow healing 3, spit poison 1
a: Device Recharging, Spit Poison, Minor Destruction, Lesser Servant of Makhleb,
Major Destruction, Greater Servant of Makhleb, Renounce Religion
}: 2/15 runes: decaying, serpentine


You were on level 3 of the Elven Halls.
You worshipped Makhleb.
Makhleb was exalted by your worship.
You were full.

You visited 8 branches of the dungeon, and saw 45 of its levels.
You also visited: Ice Cave.

You collected 5889 gold pieces.
You spent 687 gold pieces at shops.

Inventory:

Hand weapons
 a - a +6 executioner's axe of electrocution (weapon)
 b - a +0 arbalest
Missiles
 h - 17 silver bolts
Armour
 j - a +0 hat of magic resistance (worn)
 y - a +0 pair of boots (worn)
 L - a +5 pearl dragon armour (worn)
 T - a +0 pair of gloves of archery (worn)
 Y - a +0 cloak of poison resistance (worn)
Rods
 G - a +2 rod of clouds (9/9)
   (You took it off a deep elf conjurer on level 3 of the Elven Halls)
Jewellery
 e - the ring of the Evening (right hand) {rElec Str+2 Stlth+}
   (You bought it in a shop on level 9 of the Dungeon)

   [ring of stealth]

   It affects your strength (+2).
   It insulates you from electricity.
   It makes you more stealthy.
 l - the amulet "Xulykuh" {rMut rPois rN+ MP+9}
   (You took it off a deep elf annihilator on level 3 of the Elven Halls)

   [amulet of resist mutation]

   It protects you from mutation.
   It protects you from poison.
   It protects you from negative energy.
   It affects your magic capacity (+9).
 m - an uncursed amulet of rage
 r - an uncursed ring of teleport control
 s - the ring of Fosogulo {rPois rF- Str+8 Int+4 Dex+3}
   (You found it on level 4 of the Lair of Beasts)

   [ring of poison resistance]

   It affects your strength (+8).
   It affects your intelligence (+4).
   It affects your dexterity (+3).
   It makes you vulnerable to fire.
   It protects you from poison.
 C - an amulet of clarity (around neck)
 E - a ring of protection from magic (left hand)
 H - an uncursed amulet of the gourmand
 Q - the ring of Cowardice {+/*Tele rC+ Int+3}
   (You found it on level 7 of the Lair of Beasts)

   [ring of teleportation]

   It causes random teleportation, and can be evoked to teleport at will.
   It affects your intelligence (+3).
   It protects you from cold.
 V - an uncursed ring of protection from fire
Magical devices
 d - a wand of heal wounds (1)
 J - a wand of paralysis (7)
 N - a wand of confusion (8)
 P - a wand of teleportation (4)
 S - a wand of slowing (25)
 W - a wand of confusion (19)
Scrolls
 c - 6 scrolls of fear
 g - 4 scrolls of magic mapping
 i - 14 scrolls of remove curse
 u - 9 scrolls of teleportation
 x - 3 scrolls of fog
 z - 2 scrolls of blinking
 K - 4 scrolls of recharging
 X - 6 scrolls of identify
Potions
 k - 5 potions of flight
 n - 2 potions of berserk rage
 o - 12 potions of curing
 p - 3 potions of cancellation
 q - 5 potions of heal wounds
 t - 3 potions of agility
 B - 2 potions of resistance
 D - 4 potions of invisibility
 F - 8 potions of restore abilities
 O - 2 potions of cure mutation
 R - 5 potions of might
Miscellaneous
 w - an ornate deck of defence {the Shaft}
 I - a phial of floods
 M - a lantern of shadows
Comestibles
 f - 16 bread rations
 v - 3 beef jerkies
 A - 5 meat rations
 Z - 3 fruits


   Skills:
 - Level 16.0 Fighting
 - Level 26.0 Axes
 + Level 13.1 Crossbows
 - Level 1.7 Throwing
 - Level 15.0 Armour
 - Level 15.0 Dodging
 - Level 10.0 Invocations
 - Level 10.1 Evocations


You had 20 spell levels left.
You didn't know any spells.

Dungeon Overview and Level Annotations

Branches:
Dungeon (15/15)            Temple (1/1) D:5            Lair (8/8) D:8
  Swamp (5/5) Lair:6        Snake (5/5) Lair:4        Slime (0/6) Lair:6
    Orc (4/4) D:12            Elf (3/3) Orc:3        Vaults (4/5) D:13
  Crypt (0/3) Vaults:3     Depths (0/5) D:15

Altars:
Ashenzari
Cheibriados
Dithmenos
Elyvilon
Fedhas
Gozag
Kikubaaqudgha
Makhleb
Nemelex Xobeh
Okawaru
Qazlal
Ru
Sif Muna
Trog
Vehumet
Xom
Yredelemnul
Zin
The Shining One
Beogh

Shops:
D:4 (   D:5 [   D:9 =   D:11 (   D:12 =   Orc:4 %%[**   Elf:1 ?
Vaults:1 *!?=}   Vaults:2 (   Vaults:3 [

Portals:
Trove: D:13 (give 2 scrolls of acquirement)

Annotations:
D:7 exclusion: ice statue
Lair:6 Snorg
Snake:1 3 runed doors


Innate Abilities, Weirdness & Mutations

You are resistant to damage.
You can recharge devices by infusing magical energy.
You resist negative energy.
You passively map a large area around you.
You do not heal naturally.
You can spit weak poison.


Message History

Evoke which item? (* to show all) (? for menu, Esc to quit)
Zapping:
d - a wand of heal wounds (2)
Press: ? - help, Shift-Dir - straight line, f - you You feel much better.
This wand has 1 charge left.
The crystal guardian hits you but does no damage.
You cut the crystal guardian into ribbons!!!
You destroy the crystal guardian!
Things that are here:
a long sword; a rapier; a leather armour
Things that are here:
2 arrows of frost; a long sword; a leather armour
Items here: ))) = [ รท A deep elf knight comes into view.
It is wielding a short sword.
A deep elf sorcerer comes into view. It is wielding a scimitar.
The deep elf knight shouts!
The deep elf sorcerer shouts!
The deep elf sorcerer mumbles some strange words.
The deep elf sorcerer seems to speed up.
The deep elf sorcerer gestures at you while chanting.
The hellfire explodes!
The blast of hellfire engulfs you!
You die...

#.# #(.#)# ### ####)###
#....(# #.[...# ## ##...## .#
###)### .# ###.)())### .#
###....)))..### .#
####....@.......e#** .#
####...................#***
.# ##............#..........
*
.####...........#####........
.##.'.......(.### ###......,
.##:#......e### ,,* ##e.. *
.##,##..(...#* , , ,* .. , *
.# ,####...... ,,,, * .#
,##....... ,, ,,, , ,


You could see a deep elf sorcerer and a deep elf knight.

Vanquished Creatures
  Mennas (Vaults:4)
  the Lernaean hydra (Swamp:5)
  Saint Roka (Orc:4)
  Vashnia (Snake:4)
  Xtahua (Vaults:4)
  A lich (Vaults:1)
  Jorgrun (Swamp:2)
  2 deep elf master archers (Elf:3)
  A deep elf blademaster (Elf:3)
  The ghost of stickyfingers the Black Belt, a mighty OpTm of Nemelex Xobeh (Snake:5)
  Gastronok (Lair:1)
  Frances (D:13)
  A tengu reaver (Vaults:3)
  A thorn hunter (Swamp:5)
  A fire giant (Vaults:3)
  Wiglaf (Vaults:4)
  11 greater nagas (Snake:5)
  4 deep elf sorcerers (Elf:3)
  Maud (D:11)
  12 vault wardens
  An orc warlord (Elf:3)
  4 very ugly things
  A large abomination (Vaults:4)
  12 ironheart preservers
  5 stone giants
  3 rakshasas (Vaults:1)
  7 deep elf demonologists (Elf:3)
  7 deep elf annihilators (Elf:3)
  A dire elephant (Lair:8)
  6 deep elf death magi
  The ghost of stickyfingers the Hand of Fortune, a powerful OpAs of Nemelex Xobeh (IceCv)
  9 crystal guardians
  A jiangshi (Vaults:3)
  4 yaktaur captains
  3 deep elf high priests (Elf:3)
  2 fire dragons
  17 vault guards
  4 great orbs of eyes
  Fannar (Lair:3)
  Harold (D:12)
  2 ice dragons (IceCv)
  28 hydras
  14 naga warriors
  A catoblepas (D:15)
  3 ghost crabs
  Erica (Lair:2)
  14 dancing weapons (Elf:2)
  12 anacondas (Snake:5)
  11 ogre magi
  A deep troll earth mage (Vaults:4)
  4 alligators
  6 centaur warriors
  13 death yaks
  2 orc high priests (Elf:3)
  9 shock serpents
  A vampire mage (Vaults:3)
  18 naga sharpshooters
  Urug (Orc:2)
  22 deep elf knights
  A shadow wraith (Vaults:2)
  A hell knight (Vaults:4)
  5 skeletal warriors (Vaults:1)
  2 ice devils
  A sea snake (Snake:1)
  2 giant orange brains
  8 naga ritualists
  A salamander mystic (Snake:5)
  2 unseen horrors
  6 deep trolls
  10 deep elf summoners
  A small abomination (Vaults:4)
  9 swamp dragons
  44 ugly things
  3 ice statues
  2 spectral hydras
  A necromancer (Vaults:3)
  A shambling mangrove (Swamp:4)
  15 ironbrand convokers
  11 deep elf conjurers
  A firecaller (Vaults:2)
  3 wizards
  A phantasmal warrior (Vaults:3)
  7 hill giants
  5 griffons
  17 orc knights
  5 hornets
  3 wolf spiders
  26 elephants
  A lindwurm (Lair:6)
  13 salamanders
  A fire giant zombie (Vaults:3)
  4 sixfirhies (Elf:3)
  2 mana vipers
  2 manticores (D:12)
  14 guardian serpents (Snake:5)
  10 cyclopes
  9 vault sentinels
  A water nymph (shapeshifter) (Elf:2)
  Maurice (D:11)
  28 black mambas
  16 naga magi
  5 gargoyles
  A guardian serpent (shapeshifter) (Vaults:1)
  A smoke demon (Lair:8)
  A rust devil (Elf:3)
  A centaur skeleton (D:11)
  2 kobold demonologists
  24 spiny frogs
  A hellion (Vaults:4)
  A troll (shapeshifter) (Vaults:2)
  2 efreet
  8 komodo dragons
  29 yaktaurs
  2 orange demons (Elf:3)
  10 fire drakes
  13 deep elf priests
  A boulder beetle (Vaults:1)
  7 blink frogs
  2 jumping spiders (Elf:1)
  5 giant leeches
  6 freezing wraiths
  12 trolls
  A baby alligator (shapeshifter) (Vaults:1)
  20 two-headed ogres
  46 slime creatures
  3 baby alligators (Swamp:2)
  The ghost of WhatIsLove the Conjurer, an average OpCj of Vehumet (D:4)
  8 bog bodies
  6 ravens
  A frost giant simulacrum (Vaults:1)
  4 redbacks
  A spriggan (shapeshifter) (Vaults:2)
  3 shadows
  2 tarantellas (Elf:1)
  4 spriggans
  8 wraiths
  A ynoxinul (Elf:3)
  A trapdoor spider (D:13)
  18 hippogriffs
  28 deep elf magi
  A centaur simulacrum (D:15)
  41 yaks
  22 vampire mosquitoes
  13 wyverns
  A neqoxec (Snake:5)
  3 hungry ghosts
  12 wargs
  A mottled dragon (Vaults:2)
  3 basilisks
  A human simulacrum (Vaults:3)
  57 nagas
  5 wolves (Lair:6)
  16 insubstantial wisps
  27 swamp worms
  25 deep elf fighters
  A spectral spiny frog (Swamp:2)
  70 orc warriors
  2 black bears
  A hornet simulacrum (D:15)
  9 porcupines
  24 water moccasins
  20 swamp drakes
  3 sky beasts
  53 ogres
  26 ice beasts
  An eye of draining (D:13)
  6 wasps
  2 boring beetles
  11 crocodiles
  A phantom (Swamp:3)
  20 centaurs
  A big kobold (D:14)
  A brain worm (Lair:7)
  20 giant frogs
  A spectral water moccasin (Swamp:4)
  3 scorpions
  A water moccasin skeleton (D:4)
  2 wyvern skeletons
  A spectral tengu (Swamp:2)
  21 electric eels
  14 killer bees
  3 troll skeletons (Swamp:2)
  6 crimson imps
  4 giant frog zombies
  4 goliath beetles
  3 centaur zombies
  A quasit (D:14)
  4 wights (D:6)
  8 iguanas
  3 giant frog skeletons
  21 orc priests
  9 hounds
  A jelly (D:14)
  Natasha (thrice) (D:2)
  4 hell rats
  12 worker ants
  39 orc wizards
  52 sheep
  A hound skeleton (D:11)
  20 adders
  58 river rats
  4 giant mites
  A worm (D:4)
  4 shadow imps
  3 ufetubi
  An adder zombie (D:7)
  2 orc zombies (D:8)
  6 giant geckos
  2 oozes
  207 orcs
  A ball python (D:1)
  A bat skeleton (D:8)
  A bat zombie (D:6)
  11 giant cockroaches
  13 goblins
  18 hobgoblins
  20 jackals
  21 kobolds
  8 quokkas
  15 bats
  A giant gecko skeleton (D:8)
  3 giant newts
  2 giant spores
  2 quokka zombies (D:7)
  15 rats
  19 ballistomycetes
  5 briar patches (Swamp:5)
  16 fungi
  12 plants
2097 creatures vanquished.

Vanquished Creatures (others)
  A tengu reaver (Vaults:2)
  A fire giant (Vaults:4)
  A very ugly thing (Swamp:4)
  Josephine (D:12)
  A shadow wraith (Vaults:4)
  A naga mage (Snake:3)
  A guardian serpent (Snake:5)
  A hellwing (Snake:4)
  2 deep elf fighters
  4 insubstantial wisps (Swamp:4)
  An ogre (Vaults:3)
  A lost soul (Vaults:4)
  A giant frog (D:10)
  An orc wizard (D:12)
  5 orcs
  2 giant spores
  A crawling corpse (Vaults:4)
  7 fungi
  3 plants
36 creatures vanquished.

Grand Total: 2133 creatures vanquished

Notes
Turn   | Place    | Note
--------------------------------------------------------------
     0 | D:1      | Raurakos, the Deep Dwarf Gladiator, began the quest for the Orb.
     0 | D:1      | Reached XP level 1. HP: 19/19 MP: 1/1
   144 | D:1      | Reached XP level 2. HP: 16/26 MP: 2/2
   145 | D:1      | Reached skill level 4 in Axes
   511 | D:1      | Reached XP level 3. HP: 19/32 MP: 3/3
   824 | D:2      | Found a shimmering altar of Xom.
   863 | D:2      | Noticed Natasha
   873 | D:2      | Killed Natasha
   873 | D:2      | Reached skill level 5 in Axes
   937 | D:2      | Noticed Natasha
   948 | D:2      | Killed Natasha
   948 | D:2      | Reached XP level 4. HP: 12/39 MP: 4/4
  1196 | D:2      | Noticed Natasha
  1201 | D:2      | Killed Natasha
  1619 | D:3      | Reached skill level 6 in Axes
  2182 | D:4      | Reached XP level 5. HP: 21/45 MP: 5/5
  2356 | D:4      | Reached skill level 7 in Axes
  2475 | D:4      | Noticed an ogre
  2584 | D:4      | Reached XP level 6. HP: 31/52 MP: 6/6
  2597 | D:4      | Found Kaemat's Antique Weapon Shop.
  2636 | D:4      | Bought a glowing blowgun for 62 gold pieces
  2664 | D:4      | Killed an ogre
  2664 | D:4      | Reached skill level 8 in Axes
  2681 | D:4      | Bought a broad axe for 100 gold pieces
  2693 | D:4      | Noticed WhatIsLove's ghost (average OpCj)
  2773 | D:4      | Found a shattered altar of Ashenzari.
  2778 | D:4      | Saw a vision of the Swamp and the Snake Pit.
  2778 | D:4      | Noticed an alligator
  2778 | D:4      | Noticed a naga
  2778 | D:4      | Noticed an alligator
  2778 | D:4      | Noticed a water moccasin
  2778 | D:4      | Noticed a naga sharpshooter
  2778 | D:4      | Noticed a swamp drake
  2779 | D:4      | Noticed an alligator
  2779 | D:4      | Noticed a swamp drake
  2779 | D:4      | Noticed a baby alligator
  2779 | D:4      | Noticed a baby alligator
  2779 | D:4      | Noticed a mana viper
  2779 | D:4      | Noticed a water moccasin
  2781 | D:4      | Noticed a naga mage
  2781 | D:4      | Noticed a baby alligator
  2860 | D:4      | Reached skill level 1 in Armour
  3181 | D:5      | Entered Level 5 of the Dungeon
  3308 | D:5      | Found a snail-covered altar of Cheibriados.
  3357 | D:5      | Found a staircase to the Ecumenical Temple.
  3373 | D:5      | Reached XP level 7. HP: 46/61 MP: 7/7
  3523 | Temple   | Entered the Ecumenical Temple
  3539 | Temple   | Became a worshipper of Makhleb the Destroyer
  4008 | D:5      | Reached skill level 5 in Fighting
  4070 | D:5      | Found Koiwniadocs' Armour Boutique.
  4131 | D:5      | Reached skill level 1 in Evocations
  4283 | D:4      | Found a shimmering altar of Xom.
  4499 | D:6      | Acquired Makhleb's first power
  4732 | D:6      | Reached XP level 8. HP: 34/74 MP: 8/8
  4754 | D:6      | Found a sparkling altar of Nemelex Xobeh.
  4976 | D:6      | Reached skill level 5 in Armour
  5043 | D:6      | Found a white marble altar of Elyvilon.
  5107 | D:6      | Found a radiant altar of Vehumet.
  5187 | D:6      | Found a sacrificial altar of Ru.
  5252 | D:6      | Found a glowing silver altar of Zin.
  5323 | D:6      | Reached skill level 5 in Dodging
  5788 | D:7      | Reached skill level 9 in Axes
  5800 | D:7      | Acquired Makhleb's second power
  6182 | D:7      | Gained mutation: You passively map the area around you. [Deep Dwarf growth]
  6182 | D:7      | Reached XP level 9. HP: 28/81 MP: 8/8
  6238 | D:7      | Reached skill level 10 in Axes
  6295 | D:7      | Reached skill level 11 in Axes
  6422 | D:7      | Noticed an ice statue
  6960 | D:7      | Reached skill level 12 in Axes
  7120 | D:7      | Acquired Makhleb's third power
  7217 | D:8      | Reached XP level 10. HP: 73/88 MP: 9/9
  7246 | D:8      | Noticed an elephant
  7268 | D:8      | Reached skill level 13 in Axes
  7399 | D:8      | Found a white marble altar of Elyvilon.
  7505 | D:8      | Killed an elephant
  7545 | D:8      | Found a staircase to the Lair.
  7558 | D:8      | Acquired Makhleb's fourth power
  7797 | Lair:1   | Entered Level 1 of the Lair of Beasts
  7904 | Lair:1   | Noticed Gastronok
  7929 | Lair:1   | Reached skill level 14 in Axes
  8041 | Lair:1   | Killed Gastronok
  8433 | Lair:1   | Noticed a four-headed hydra
  8501 | Lair:2   | Noticed a black mamba
  8510 | Lair:2   | Killed a black mamba
  8525 | Lair:2   | Noticed an eight-headed hydra
  8667 | Lair:1   | Reached XP level 11. HP: 96/96 MP: 10/10
  9132 | Lair:2   | Noticed Erica
  9536 | Lair:2   | Killed Erica
  9818 | Lair:3   | Noticed Fannar
  9918 | Lair:3   | Acquired Makhleb's fifth power
 10003 | Lair:3   | Noticed an eight-headed hydra
 10017 | Lair:3   | Killed a one-headed hydra
 10312 | Lair:3   | Reached skill level 5 in Invocations
 11183 | Lair:4   | Found a staircase to the Snake Pit.
 11190 | Lair:4   | Got a fine copper ring
 11192 | Lair:4   | Identified the ring of Fosogulo {rPois rF- Str+8 Int+4 Dex+3} (You found it on level 4 of the Lair of Beasts)
 11250 | Lair:4   | Reached XP level 12. HP: 99/110 MP: 14/14
 11532 | Lair:4   | Noticed a seven-headed hydra
 11538 | Lair:4   | Killed a four-headed hydra
 12261 | Lair:5   | Reached skill level 10 in Invocations
 12516 | Lair:5   | Noticed a four-headed hydra
 12705 | Lair:5   | Killed a one-headed hydra
 12705 | Lair:5   | Reached skill level 15 in Axes
 12890 | Lair:5   | Reached skill level 16 in Axes
 13176 | Lair:6   | Found a staircase to the Swamp.
 13402 | Lair:6   | Found a staircase to the Slime Pits.
 13487 | Lair:6   | Reached XP level 13. HP: 92/121 MP: 17/17
 13576 | Lair:6   | Noticed a seven-headed hydra
 13584 | Lair:6   | Killed a three-headed hydra
 13629 | Lair:6   | Noticed Snorg
 13852 | Lair:7   | Reached skill level 10 in Fighting
 14136 | Lair:7   | Reached skill level 10 in Armour
 14517 | Lair:7   | Got an ancient brass ring
 14519 | Lair:7   | Identified the ring of Cowardice {+/*Tele rC+ Int+3} (You found it on level 7 of the Lair of Beasts)
 14709 | Lair:8   | Entered Level 8 of the Lair of Beasts
 14750 | Lair:8   | Reached skill level 10 in Dodging
 14888 | Lair:8   | Reached skill level 17 in Axes
 15136 | Lair:8   | Gained mutation: You resist negative energy. [Deep Dwarf growth]
 15136 | Lair:8   | Reached XP level 14. HP: 94/132 MP: 18/18
 15491 | Lair:8   | Noticed a dire elephant
 15516 | Lair:8   | Killed a dire elephant
 15516 | Lair:8   | Reached skill level 18 in Axes
 16225 | Lair:3   | Noticed a five-headed hydra
 16234 | Lair:3   | Killed a one-headed hydra
 16280 | Lair:1   | Killed a one-headed hydra
 16394 | D:9      | Found Fiaskic's Jewellery Boutique.
 16570 | D:9      | Found a sparkling altar of Nemelex Xobeh.
 16718 | D:9      | Found a runed door.
 16721 | D:9      | Found a runed door.
 17258 | D:9      | Reached skill level 19 in Axes
 17298 | D:10     | Entered Level 10 of the Dungeon
 17994 | D:11     | Noticed Maurice
 18050 | D:11     | Found a frozen archway.
 18064 | IceCv    | Entered an ice cave
 18115 | IceCv    | Noticed stickyfingers' ghost (powerful OpAs)
 18130 | IceCv    | Killed stickyfingers' ghost
 18544 | D:11     | Killed Maurice
 18838 | D:11     | You fall through a shaft for 2 floors!
 18850 | D:13     | Reached skill level 20 in Axes
 19013 | D:13     | Reached XP level 15. HP: 33/138 MP: 19/19
 19125 | D:12     | Noticed Frances
 19664 | D:12     | Found a staircase to the Orcish Mines.
 19703 | D:12     | Found Ibbo Xoun's Jewellery Shoppe.
 19712 | D:12     | Noticed Josephine
 19713 | D:12     | Noticed Harold
 19730 | D:12     | Killed Josephine
 19802 | D:12     | Killed Harold
 20223 | Orc:1    | Entered Level 1 of the Orcish Mines
 20285 | Orc:1    | Found a roughly hewn altar of Beogh.
 20567 | Orc:2    | Noticed Urug
 20577 | Orc:2    | Killed Urug
 21324 | Orc:3    | Found a staircase to the Elven Halls.
 22004 | Orc:4    | Entered Level 4 of the Orcish Mines
 22046 | Orc:4    | Found Tepoel's Armour Emporium.
 22071 | Orc:4    | Noticed Saint Roka
 22617 | Orc:4    | Found Sicsenul's Food Shoppe.
 22617 | Orc:4    | Found Ythuamir's Food Shop.
 22724 | Orc:4    | Found a roughly hewn altar of Beogh.
 22801 | Orc:4    | Found Gubini's General Store.
 22819 | Orc:4    | Bought a scroll of identify for 26 gold pieces
 22825 | Orc:4    | Found Tyekysmy's Assorted Antiques.
 23320 | D:13     | Killed Frances
 23363 | D:13     | Found a portal to a secret trove of treasure.
 23788 | D:14     | Reached skill level 5 in Evocations
 24213 | D:15     | Entered Level 15 of the Dungeon
 24430 | D:15     | Found a shadowy altar of Dithmenos.
 25117 | D:15     | Found a staircase to the Depths.
 25122 | D:15     | Identified a scroll of acquirement
 25914 | D:11     | Reached XP level 16. HP: 146/152 MP: 20/20
 26024 | D:11     | Found Poachopa's Weapon Shop.
 26026 | D:11     | Noticed Maud
 26031 | D:11     | Killed Maud
 26031 | D:11     | Reached skill level 10 in Evocations
 26299 | Lair:1   | Upgraded the game from 0.17-a0-377-gdd46233 to 0.17-a0-427-ga655056
 26321 | Lair:2   | Killed a four-headed hydra
 26395 | Snake:1  | Entered Level 1 of the Snake Pit
 26765 | D:9      | Bought the ring of the Evening {rElec Str+2 Stlth+} for 499 gold pieces
 27193 | Snake:1  | Found a runed gate.
 27193 | Snake:1  | Found a runed gate.
 27233 | Snake:1  | Found a runed gate.
 28508 | Snake:2  | You fall through a shaft for 2 floors!
 28540 | Snake:4  | Noticed Vashnia
 30133 | Snake:4  | Killed Vashnia
 30181 | Snake:5  | Entered Level 5 of the Snake Pit
 30218 | Snake:4  | Reached skill level 21 in Axes
 30292 | Snake:4  | Identified the Incunabulum of Ashen Shape Shifting (You found it on level 4 of the Snake Pit)
 31400 | Snake:5  | Reached XP level 17. HP: 43/164 MP: 21/21
 31549 | Snake:5  | Noticed stickyfingers's ghost (mighty OpTm)
 31909 | D:4      | Killed WhatIsLove's ghost
 32281 | Lair:3   | Killed Fannar
 33391 | Snake:5  | Reached skill level 15 in Fighting
 33826 | Snake:5  | Killed stickyfingers's ghost
 34082 | Snake:5  | Got a serpentine rune of Zot
 34449 | Swamp:1  | Entered Level 1 of the Swamp
 34564 | Swamp:1  | Gained mutation: You passively map a large area around you. [Deep Dwarf growth]
 34564 | Swamp:1  | Reached XP level 18. HP: 181/181 MP: 22/22
 35566 | Swamp:2  | Noticed Jorgrun
 35573 | Swamp:2  | Killed Jorgrun
 36637 | Swamp:4  | Reached skill level 15 in Armour
 37517 | Swamp:5  | Entered Level 5 of the Swamp
 38183 | Swamp:5  | Noticed the 27-headed Lernaean hydra
 38202 | Swamp:5  | Killed the 22-headed Lernaean hydra
 38202 | Swamp:5  | Reached skill level 22 in Axes
 38355 | Swamp:5  | Got a decaying rune of Zot
 39637 | Orc:4    | Killed Saint Roka
 40349 | D:13     | Found a gate to the Vaults.
 40360 | Vaults:1 | Entered Level 1 of the Vaults
 40473 | Vaults:1 | Reached XP level 19. HP: 179/188 MP: 23/23
 40549 | Vaults:1 | Found Caomab's Distillery.
 40552 | Vaults:1 | Found Xodos's General Store.
 40568 | Vaults:1 | Found Awaorr's Magic Scroll Boutique.
 40652 | Vaults:1 | Noticed a lich
 40659 | Vaults:1 | Killed a lich
 40743 | Vaults:1 | Reached skill level 23 in Axes
 41062 | Vaults:1 | Found Yxalax's Gadget Boutique.
 41148 | Vaults:1 | Found Kuusm's Jewellery Shoppe.
 41156 | Vaults:1 | Got an ancient plate armour
 41167 | Vaults:1 | Identified the +1 plate armour of Too Many Cooks {Int+4 Stlth-} (You found it on level 1 of the Vaults)
 42043 | Vaults:2 | Reached skill level 24 in Axes
 42173 | Vaults:2 | Found Anoani's Antique Weapon Shop.
 43040 | Vaults:3 | Got a jewelled ring mail
 43051 | Vaults:3 | Identified the cursed +0 ring mail of the Pleiades {Int+4} (You found it on level 3 of the Vaults)
 43228 | Vaults:3 | Reached XP level 20. HP: 196/196 MP: 24/24
 43234 | Vaults:3 | Reached skill level 25 in Axes
 43308 | Vaults:3 | Found a staircase to the Crypt.
 43538 | Vaults:3 | Found Juaguokh's Armour Emporium.
 44479 | Vaults:4 | Reached skill level 26 in Axes
 44784 | Vaults:4 | Noticed Xtahua
 44800 | Vaults:4 | Killed Xtahua
 44955 | Vaults:4 | Noticed Wiglaf
 44974 | Vaults:4 | Killed Wiglaf
 44979 | Vaults:4 | Gained mutation: You can spit weak poison. [potion of beneficial mutation]
 45283 | Vaults:4 | Noticed Mennas
 45326 | Vaults:4 | Killed Mennas
 45998 | Elf:1    | Entered Level 1 of the Elven Halls
 46066 | Elf:1    | Reached skill level 15 in Dodging
 46096 | Elf:1    | Reached skill level 1 in Crossbows
 46173 | Elf:1    | Found Ubapret's Magic Scroll Boutique.
 46219 | Elf:1    | Reached XP level 21. HP: 205/205 MP: 25/25
 46758 | Elf:2    | Found a shimmering altar of Xom.
 46857 | Elf:2    | Reached skill level 5 in Crossbows
 47158 | Elf:2    | Found a huge runed gate.
 47158 | Elf:2    | Found a huge runed gate.
 47158 | Elf:2    | Found a huge runed gate.
 47162 | Elf:2    | Found a huge runed gate.
 47162 | Elf:2    | Found a huge runed gate.
 47733 | Elf:3    | Entered Level 3 of the Elven Halls
 48340 | Elf:3    | Reached skill level 10 in Crossbows
 48685 | Elf:3    | Got a shimmering amethyst amulet
 48686 | Elf:3    | Identified the amulet "Xulykuh" {rMut rPois rN+ MP+9} (You took it off a deep elf annihilator on level 3 of the Elven Halls)
 48732 | Elf:3    | Got a shimmering graven amulet
 48733 | Elf:3    | Identified the amulet of Koutehis {rCorr -Tele rPois Str+4} (You took it off a deep elf knight on level 3 of the Elven Halls)
 48756 | Elf:3    | Identified a +2 rod of clouds (9/9) (You took it off a deep elf conjurer on level 3 of the Elven Halls)
 49098 | Elf:3    | Killed from afar by a deep elf sorcerer

Action                   |  1- 3 |  4- 6 |  7- 9 | 10-12 | 13-15 | 16-18 | 19-21 || total
-------------------------+-------+-------+-------+-------+-------+-------+-------++-------
Melee: War axe           |    88 |   180 |    51 |       |       |       |       ||   319
       Broad axe         |       |    43 |   116 |       |       |       |       ||   159
       Whip              |       |       |    39 |       |       |       |       ||    39
       Battleaxe         |       |       |   176 |   614 |  1819 |   346 |       ||  2955
       Scimitar          |       |       |       |    10 |       |       |       ||    10
       Executioner's axe |       |       |       |       |       |  1489 |  1474 ||  2963
 Fire: Blowgun           |       |    11 |    47 |    67 |       |       |       ||   125
       Arbalest          |       |       |       |       |       |       |     9 ||     9
Throw: Stone             |    10 |    61 |    36 |     9 |     4 |       |       ||   120
       Throwing net      |       |       |       |       |     1 |       |       ||     1
Invok: Lesser Servant of |       |       |       |     1 |     1 |     2 |       ||     4
       Major Destruction |       |       |       |       |     2 |     1 |       ||     3
 Abil: Device Recharging |       |       |     1 |       |       |       |       ||     1
       Spit Poison       |       |       |       |       |       |       |     2 ||     2
       Evoke Teleportati |       |       |       |       |       |       |     2 ||     2
Evoke: Wand              |     1 |     4 |       |     6 |     9 |     7 |     2 ||    29
       Rod               |       |       |       |       |       |       |     3 ||     3
  Use: Scroll            |     2 |    10 |     6 |    11 |    14 |    14 |     9 ||    66
       Potion            |       |       |       |     2 |     3 |     3 |     4 ||    12
 Stab: Distracted        |       |       |     1 |       |       |     1 |       ||     2
       Sleeping          |       |       |       |       |       |     1 |     1 ||     2
       Confused          |       |       |       |       |       |     1 |       ||     1
  Eat: Chunk             |       |     8 |    13 |    16 |    48 |   114 |    94 ||   293
       Pizza             |       |       |     1 |       |       |       |       ||     1
       Bread ration      |       |       |       |     1 |       |     1 |       ||     2
       Royal jelly       |       |       |       |       |       |       |     1 ||     1
